 Dungeon Crawl Stone Soup version 0.29-a0-307-gecccbbdb84 (webtiles) character file.

Game seed: 12385516427568914885

14420 Dabor the Fighter (level 12, -1/86 HPs)
             Began as a Gargoyle Fighter on Mar 27, 2022.
             Was an Elder of Trog.
             Shot with an arrow by a centaur (11 damage)
             ... led by a centaur warrior
             ... on level 11 of the Dungeon.
             The game lasted 00:28:57 (17108 turns).

Dabor the Fighter (Gargoyle Fighter)               Turns: 17108, Time: 00:28:58

Health: -1/86      AC: 35    Str: 23    XL:     12   Next: 16%
Magic:  21/21      EV:  6    Int:  7    God:    Trog [****..]
Gold:   780        SH:  0    Dex: 11    Spells: 11/11 levels left

rFire   . . .      SeeInvis .   s - +3 mace
rCold   + + .      Faith    .   c - +1 buckler
rNeg    + . .      Spirit   .   i - +1 crystal plate armour
rPois   ∞          Reflect  +   u - +2 hat
rElec   +          Harm     .   (no cloak)
rCorr   .          Rampage  .   x - +0 pair of gloves
Will    .....                   h - +0 pair of boots
Stlth   ..........              J - amulet of reflection
HPRegen 0.24/turn               p - ring of magical power
MPRegen 0.17/turn               q - ring of protection from cold

@: confused, ambrosia-drunk
A: sickness immunity, AC +8, negative energy resistance 1, electricity
resistance, torment resistance 1, petrification resistance, horns 1, cold
resistance 1, dopey 1, robust 1
a: Renounce Religion, Berserk, Trog's Hand, Brothers in Arms


You were on level 11 of the Dungeon.
You worshipped Trog.
Trog was greatly pleased with you.
You visited 2 branches of the dungeon, and saw 12 of its levels.

You collected 780 gold pieces.

Inventory:

Hand Weapons
 s - a +3 mace (weapon)
 w - a +5 antimagic war axe
Missiles
 g - 355 stones
 v - 4 atropa-tipped darts
 z - 23 poisoned darts (quivered)
 B - 2 boomerangs of dispersal
 D - 3 throwing nets
Armour
 c - a +1 buckler (worn)
 h - a +0 pair of boots (worn)
 i - a +1 crystal plate armour (worn)
 r - a +2 helmet of intelligence
 u - a +2 hat (worn)
 x - a +0 pair of gloves (worn)
 P - a +3 troll leather armour {Snorg}
Jewellery
 p - a ring of magical power (left hand)
 q - a ring of protection from cold (right hand)
 J - an amulet of reflection (around neck)
 N - a ring of ice
Wands
 e - a wand of mindburst (5)
 k - a wand of charming (2)
 E - a wand of polymorph (2)
 G - a wand of flame (9)
 H - a wand of iceblast (2)
Scrolls
 a - a scroll of vulnerability
 b - a scroll of teleportation
 j - a scroll of brand weapon
 o - a scroll of enchant weapon
 y - a scroll of enchant armour
 F - 5 scrolls of fog
 I - a scroll of holy word
Potions
 d - 3 potions of might
 l - a potion of degeneration
 m - 3 potions of flight
 n - 3 potions of haste
 t - 4 potions of brilliance
 A - a potion of mutation
 C - a potion of cancellation
 K - 2 potions of berserk rage
 L - a potion of magic
 M - 3 potions of curing
 O - a potion of invisibility {unknown}


   Skills:
 + Level 10.7 Fighting
 + Level 9.5 Maces & Flails
 + Level 3.0 Throwing
 + Level 10.7 Armour
 + Level 7.7 Dodging
 - Level 4.0 Shields
 - Level 4.0 Evocations


You had 11 spell levels left.
You didn't know any spells.
Your spell library was empty.

Dungeon Overview and Level Annotations

Branches:
Dungeon (11/15)            Temple (1/1) D:7            Lair (0/6) D:10
    Orc (0/2) D:10

Altars:
Ashenzari
Dithmenos
Elyvilon
Fedhas
Hepliaklqana
Makhleb
Nemelex Xobeh
Qazlal
Trog
Xom
Zin
Jiyva

Shops:
D:1 =

Portals:
Ice
Cave: D:11

Annotations:
D:8 2 transporters


Innate Abilities, Weirdness & Mutations

You are immune to sickness and miasma.
Your stone body is resilient. (AC +8)
You are immune to poison.
You resist negative energy. (rN+)
You are resistant to electric shocks. (rElec)
You are resistant to unholy torment.
You are immune to petrification.
You have a pair of small horns on your head.
Your flesh is cold resistant. (rC+)
You are dopey. (Int -2)
You are robust. (+10% HP)


Message History

P - a +3 troll leather armour {Snorg}
Found a frozen archway.
You recover from your berserk rage.
A seven-headed hydra comes into view.
Found two stone staircases leading up.
The seven-headed hydra moves out of view.
Found 7 stones.
A centaur comes into view.
The centaur moves out of view.
There is a frozen archway here.
Okay, then.
Unknown command.
Okay, then.
Unknown command.
You are confused.
You feel invigorated. The seven-headed hydra bites you.
* * * LOW HITPOINT WARNING * * *
The seven-headed hydra closely misses you.
The seven-headed hydra bites you!
* * * LOW HITPOINT WARNING * * *
The seven-headed hydra bites you but does no damage. x4
You closely miss the seven-headed hydra.
You headbutt the seven-headed hydra.
The seven-headed hydra is lightly wounded.
The centaur wields a +0 shortbow.
The centaur shoots an arrow.
The arrow hits you but does no damage. The seven-headed hydra bites you!
* * * LOW HITPOINT WARNING * * *
The seven-headed hydra bites you but does no damage. x4
The seven-headed hydra barely misses you.
The seven-headed hydra bites you but does no damage.
The seven-headed hydra completely misses you.
The seven-headed hydra bites you.
* * * LOW HITPOINT WARNING * * *
The seven-headed hydra bites you but does no damage.
The seven-headed hydra closely misses you.
The seven-headed hydra bites you but does no damage. x2
The seven-headed hydra bites you.
* * * LOW HITPOINT WARNING * * *
The centaur shoots an arrow.
The arrow hits you!
You die...

..............#....#*,,,**,**,,,,
........†......#......##**,*****,
...............#........,,,* *,
....................(...,,,* *,
........................,,** ***,
........................,,****,,,
........................,,,,,,,*,
..............#.........,,******,
.............#.#@.c.....,,* *,
.#..###.....#.∩.#.......,,* **
........#....#D#........,,***** *
....#####.#...#.........,,,,,,*
...##**.......,.........,,*,*,*
..##*,..##....,.........,,*,*,**
..##,....<<...,.........,,,,*,,*
.......,......,.........,*****,*
....#.,.......,........,,* *,*


You could see a seven-headed hydra and a centaur.

Vanquished Creatures
  Snorg (D:11)
  Fannar (D:10)
  A boulder beetle (D:7)
  A centaur warrior (D:9)
  3 hydras
  A two-headed ogre (D:7)
  A manticore (D:9)
  A cyclops (D:7)
  A kobold demonologist (D:9)
  A komodo dragon (D:10)
  A slime creature (D:9)
  A troll (D:7)
  A hornet (D:9)
  Prince Ribbit (D:5)
  A snapping turtle (D:9)
  2 shadows (D:10)
  16 yaks
  A vampire mosquito (D:9)
  Duvessa (D:5)
  Edmund (D:5)
  2 water moccasins
  2 orc warriors
  A sky beast (D:6)
  4 ogres
  3 ice beasts
  3 centaurs
  4 kobold brigands
  A phantom (D:10)
  3 necrophages
  2 gnoll sergeants (D:7)
  3 scorpions (D:6)
  5 wights
  Dowan (D:5)
  12 killer bees
  A howler monkey (D:10)
  3 hounds (D:4)
  A jelly (D:7)
  2 gnoll shamans
  5 orc priests
  9 orc wizards
  3 iguanas (D:4)
  8 ogre zombies (D:10)
  A centaur simulacrum (D:9)
  6 adders
  8 gnolls
  A shadow imp (D:7)
  A white imp (D:8)
  A howler monkey simulacrum (D:9)
  A worm (D:4)
  A dart slug (D:1)
  29 orcs
  11 endoplasms
  A giant cockroach (D:1)
  3 goblins (D:3)
  4 hobgoblins
  22 kobolds
  4 quokkas
  6 ball pythons
  4 bats
  A frilled lizard (D:2)
  2 goblin skeletons (D:10)
  5 goblin zombies (D:10)
  3 hobgoblin skeletons (D:10)
  3 hobgoblin zombies (D:10)
  3 orc skeletons (D:10)
  9 orc zombies (D:10)
  A rat (D:1)
247 creatures vanquished.

Vanquished Creatures (others)
  An angel (D:8)
  A wizard (D:9)
  3 howler monkeys (D:9)
  10 plants (D:10)
15 creatures vanquished.

Grand Total: 262 creatures vanquished

Notes
Turn   | Place    | Note
-------+----------+-------------------------------------------
     0 | D:1      | Dabor the Gargoyle Fighter began the quest for the Orb.
     0 | D:1      | Reached XP level 1. HP: 14/14 MP: 1/1
   387 | D:1      | Reached XP level 2. HP: 11/19 MP: 2/2
   525 | D:1      | Found Omie's One-of-a-Kind Rings.
   816 | D:2      | Found a faded altar of an unknown god.
   832 | D:2      | Prayed at the altar of an unknown god.
   832 | D:2      | Became a worshipper of Trog the Wrathful
   832 | D:2      | Reached * piety under Trog
  1358 | D:3      | Reached XP level 3. HP: 17/23 MP: 3/3
  2658 | D:4      | Reached skill level 1 in Dodging
  2658 | D:4      | Reached XP level 4. HP: 27/29 MP: 4/4
  2805 | D:4      | Reached ** piety under Trog
  2806 | D:4      | Reached XP level 5. HP: 27/33 MP: 5/5
  2956 | D:4      | Noticed an ogre
  2965 | D:4      | Killed an ogre
  2966 | D:4      | Reached skill level 1 in Evocations
  3286 | D:4      | Reached XP level 6. HP: 38/38 MP: 6/6
  4490 | D:5      | Entered Level 5 of the Dungeon
  4490 | D:5      | Noticed Prince Ribbit
  4633 | D:5      | Found a hazy altar of Hepliaklqana.
  4638 | D:5      | Found a blossoming altar of Fedhas.
  4641 | D:5      | Found a burning altar of Makhleb.
  4712 | D:5      | Identified the +1 chain mail of the Shining Light {Will+
                  | MP+9 Str-2 Stlth+}
  4714 | D:5      | Noticed Edmund
  4719 | D:5      | Reached XP level 7. HP: 27/44 MP: 7/7
  4725 | D:5      | Killed Edmund
  4726 | D:5      | Reached skill level 5 in Fighting
  4726 | D:5      | Reached skill level 5 in Armour
  5185 | D:5      | Noticed Dowan
  5209 | D:5      | Killed Dowan
  5363 | D:5      | Noticed Duvessa
  5377 | D:5      | Killed Duvessa
  5983 | D:5      | Gained mutation: You are frail. (-10% HP) [potion of
                  | mutation]
  5983 | D:5      | Gained mutation: You are very frail. (-20% HP) [potion of
                  | mutation]
  5984 | D:5      | Lost mutation: You are very frail. (-20% HP) [potion of
                  | mutation]
  5984 | D:5      | Lost mutation: You are frail. (-10% HP) [potion of
                  | mutation]
  5984 | D:5      | Gained mutation: You are dopey. (Int -2) [potion of
                  | mutation]
  5984 | D:5      | Gained mutation: You have a pair of small horns on your
                  | head. [potion of mutation]
  5984 | D:5      | Gained mutation: Your flesh is cold resistant. (rC+)
                  | [potion of mutation]
  5984 | D:5      | Gained mutation: You are robust. (+10% HP) [potion of
                  | mutation]
  5985 | D:5      | HP: 1/48 [Prince Ribbit (13)]
  6677 | D:5      | Killed Prince Ribbit
  6678 | D:5      | Reached XP level 8. HP: 54/55 MP: 8/8
  7096 | D:6      | Reached skill level 5 in Maces & Flails
  7443 | D:6      | Reached XP level 9. HP: 55/60 MP: 9/9
  8525 | D:7      | Found a staircase to the Ecumenical Temple.
  8574 | Temple   | Entered the Ecumenical Temple
  9598 | D:7      | Found a broken altar of Ashenzari.
  9602 | D:7      | Saw a vision of the Shoals and the Spider Nest.
  9602 | D:7      | Noticed a wind drake
  9602 | D:7      | Noticed a wind drake
  9602 | D:7      | Noticed a wolf spider
  9603 | D:7      | Noticed a wolf spider
  9604 | D:7      | Noticed a wolf spider
  9605 | D:7      | Noticed a merfolk
  9743 | D:7      | Noticed a troll
  9744 | D:7      | Noticed a cyclops
  9748 | D:7      | Killed a troll
  9749 | D:7      | Noticed a boulder beetle
  9751 | D:7      | Noticed a two-headed ogre
  9753 | D:7      | Killed a cyclops
  9754 | D:7      | Reached skill level 5 in Dodging
  9754 | D:7      | Killed a two-headed ogre
  9755 | D:7      | Reached XP level 10. HP: 58/70 MP: 10/10
  9766 | D:7      | Killed a boulder beetle
 10832 | D:8      | Noticed an angel
 10835 | D:8      | Found a glowing silver altar of Zin.
 10863 | D:8      | Found a shimmering altar of Xom.
 11001 | D:8      | Killed an angel
 11186 | D:8      | Found a transporter.
 11226 | D:8      | Found a viscous altar of Jiyva.
 11552 | D:8      | Found a sparkling altar of Nemelex Xobeh.
 12018 | D:8      | Noticed a glowing orange brain
 12020 | D:8      | Found a transporter.
 12612 | D:9      | Noticed a kobold demonologist
 12617 | D:9      | Noticed a soul eater
 12623 | D:9      | Noticed an orange demon
 12624 | D:9      | Killed a kobold demonologist
 12628 | D:9      | Noticed a five-headed hydra
 12629 | D:9      | Reached *** piety under Trog
 12639 | D:9      | Killed a five-headed hydra
 12699 | D:9      | Noticed a five-headed hydra
 12723 | D:9      | Killed a five-headed hydra
 12724 | D:9      | Reached XP level 11. HP: 78/78 MP: 11/11
 12940 | D:9      | Noticed a centaur warrior
 12955 | D:9      | Killed a centaur warrior
 13111 | D:9      | Noticed a manticore
 13126 | D:9      | Killed a manticore
 13598 | D:9      | Noticed a wizard
 13613 | D:9      | Killed a wizard
 14308 | D:9      | Noticed a cyclops
 14317 | D:9      | a cyclops changed into a snapping turtle
 15002 | D:9      | Identified the +4 scimitar "Orb Guardian's Curse" {flame,
                  | Int+7}
 15164 | D:10     | Entered Level 10 of the Dungeon
 15225 | D:10     | Reached skill level 10 in Fighting
 15233 | D:10     | Reached skill level 10 in Armour
 15279 | D:10     | Found a staircase to the Orcish Mines.
 15407 | D:10     | Reached **** piety under Trog
 15479 | D:10     | Noticed Fannar
 15493 | D:10     | Killed Fannar
 15494 | D:10     | Reached skill level 1 in Throwing
 15960 | D:10     | Found a shadowy altar of Dithmenos.
 16096 | D:10     | Found a white marble altar of Elyvilon.
 16452 | D:10     | Reached XP level 12. HP: 68/85 MP: 12/12
 16658 | D:10     | Found a staircase to the Lair.
 16972 | D:11     | Noticed an eight-headed hydra
 16983 | D:11     | Killed an eight-headed hydra
 17035 | D:11     | Noticed Snorg
 17057 | D:11     | HP: 3/129 [Snorg (11)]
 17058 | D:11     | Killed Snorg
 17096 | D:11     | Found a frozen archway.
 17101 | D:11     | Noticed a seven-headed hydra
 17106 | D:11     | HP: 2/86 [seven-headed hydra (10)]
 17108 | D:11     | Shot with an arrow by a centaur

Illustrated notes

Levels and vault maps discovered:
D:1:      grunt_arrival_lava_bath, layout_rooms, nicolae_shop_unique_rings
D:2:      layout_rooms, basic_ecumenical_altar
D:3:      layout_basic
D:4:      layout_loops_corners
D:5:      layout_rooms, grunt_temple_overflow_diamond,
          kennysheep_generic_room_16, uniq_edmund, uniq_prince_ribbit1,
          uniq_duvessa
D:6:      layout_cave_pods
D:7:      minmay_chambers_of_sevens, layout_layer_cave,
          grunt_ashenzari_visionary [grunt_ashenzari_visionary_shoals,
          grunt_ashenzari_visionary_spider], minmay_temple_entry_junction
D:8:      gammafunk_jiyva_shrine, layout_layer_cave,
          grunt_temple_overflow_order_and_chaos_1, mainiacjoe_overflow_24_doors,
          kennysheep_path_1
D:9:      minmay_cut_squares, layout_stronghold
D:10:     nicolae_cairo_tiling_very_big, layout_loops_corners,
          mainiacjoe_overflow_alcove_4, nicolae_elyvilon_peaceful_grove,
          david_lair_shrubbed, zombieorc2_lemuel, uniq_fannar
D:11:     dreamdust_labyrinth, layout_rooms, portal_ice_cave_entry_pillars_2,
          uniq_snorg
Temple:   dshaligram_water_room_temple

Skill      XL: |  1  2  3  4  5  6  7  8  9 10 11 12 |
---------------+-------------------------------------+-----
Dodging        | 1 2 3 5 6 7 |  7.7
Shields        | 4 |  4.0
Fighting       | 4 5 6 8 9 10 | 10.7
Maces & Flails | 3 4 5 6 8 9 |  9.5
Armour         | 4 5 6 8 9 10 | 10.7
Evocations     | 1 2 3 4 |  4.0
Throwing       | 2 3 |  3.0

Action                   |  1- 3 |  4- 6 |  7- 9 | 10-12 || total
-------------------------+-------+-------+-------+-------++-------
Melee: Flail             |    26 |    16 |   226 |    10 ||   278
       Whip              |    95 |    98 |       |       ||   193
       Headbutt          |       |       |    38 |   118 ||   156
       Mace              |       |       |       |   526 ||   526
Throw: Stone             |     5 |    15 |    76 |    72 ||   168
       Boomerang         |       |       |       |     6 ||     6
       Dart              |       |       |       |    20 ||    20
Invok: Berserk           |       |     4 |     4 |    10 ||    18
       Trog's Hand       |       |       |     2 |       ||     2
Evoke: Wand              |       |       |    14 |    15 ||    29
  Use: Scroll            |     5 |       |     6 |     8 ||    19
       Potion            |       |       |     9 |     1 ||    10
 Stab: Invisible         |       |       |       |     1 ||     1
Armor: Scale mail        |    53 |    31 |       |       ||    84
       Plate armour      |       |       |   133 |   162 ||   295
       Skin              |       |       |     1 |       ||     1
       Crystal plate arm |       |       |       |   196 ||   196
Dodge: Dodged            |    51 |    40 |    54 |   148 ||   293
Block: Buckler           |    23 |    22 |    41 |   255 ||   341
       Reflection        |       |       |       |    17 ||    17

Table legend: (Time is in decaauts)
 A = Elapsed time spent in this place.
 B = Non-inter-level travel time spent in this place.
 C = Inter-level travel time spent in this place.
 D = Time resting spent in this place.
 E = Time spent auto-exploring this place.
 F = Levels seen in this place.
 G = Mean time per level.
                   A        B        C        D        E       F      G
               +--------+--------+--------+--------+--------+-----+--------+
         Total |  17375 |  16505 |    870 |   5169 |   8675 |  12 | 1447.9 |
       Dungeon |  17016 |  16146 |    870 |   4812 |   8675 |  11 | 1546.9 |
        Temple |    358 |    358 |      0 |    357 |      0 |   1 |  358.0 |
               +--------+--------+--------+--------+--------+-----+--------+

Top non-repeatable levels by time:
     D:4: 3027 daAuts
     D:8: 2568 daAuts
     D:7: 2402 daAuts
     D:9: 2008 daAuts
    D:10: 1802 daAuts
     D:5: 1319 daAuts
     D:3: 1286 daAuts
     D:6: 1076 daAuts
     D:1: 823 daAuts
     D:2: 533 daAuts
  Temple: 358 daAuts
    D:11: 165 daAuts
